 Dungeon Crawl Stone Soup version 0.22-a0-469-gf26638a (webtiles) character file.

45 protoss039 the Chopper (level 3, -6/34 HPs)
             Began as a Minotaur Monk on June 11, 2018.
             Mangled by Sigmund
             ... wielding a +0 scythe
              (13 damage)
             ... on level 2 of the Dungeon.
             The game lasted 00:02:26 (810 turns).

protoss039 the Chopper (Minotaur Monk)               Turns: 810, Time: 00:02:27

Health: -6/34      AC:  6    Str: 19    XL:     3   Next: 42%
Magic:  2/2        EV: 11    Int: 12    God:
Gold:   63         SH:  0    Dex: 12    Spells: 2/2 levels left

rFire    . . .     SeeInvis .   a - +0 hand axe
rCold    . . .     Gourm    .   (no shield)
rNeg     . . .     Faith    .   e - +0 scale mail
rPois    .         Spirit   .   (helmet restricted)
rElec    .         Reflect  .   (no cloak)
rCorr    .         Harm     .   (no gloves)
MR       .....                  (no boots)
Stlth    ..........             (no amulet)
HPRegen  0.11/turn              (no ring)
MPRegen  0.08/turn              g - +3 ring of strength

@: brilliant
A: retaliatory headbutt, horns 2
a: no special abilities


You were on level 2 of the Dungeon.
You were not hungry.

You visited 1 branch of the dungeon, and saw 2 of its levels.

You collected 63 gold pieces.

Inventory:

Hand Weapons
 a - a +0 hand axe (weapon)
Armour
 e - a +0 scale mail (worn)
Jewellery
 f - a +2 ring of intelligence
 g - a +3 ring of strength (right hand)
 j - an uncursed ring of fire
Scrolls
 b - a scroll of blinking {unknown}
 i - a scroll of remove curse {unknown}
 k - a scroll of noise {unknown}
Comestibles
 c - 2 rations
 d - 2 chunks of flesh


   Skills:
 + Level 4.6 Fighting
 + Level 4.6 Axes
 - Level 3.2 Dodging
 - Level 1.5 Stealth


You had 2 spell levels left.
You didn't know any spells.
Your spell library contained the following spells:

 Spells                   Type           Power        Failure   Level  Hunger
 Apportation              Tloc           #.....       12%         1    ##.....
 Summon Small Mammal      Summ           #...         12%         1    ##.....
 Animate Skeleton         Necr           N/A          12%         1    ##.....
 Confusing Touch          Hex            #.....       12%         1    ##.....


Dungeon Overview and Level Annotations

Branches:
Dungeon (2/15)

Altars:

Annotations:
D:2 Sigmund


Innate Abilities, Weirdness & Mutations

You reflexively headbutt those who attack you in melee.
You have a pair of horns on your head.


Message History

Sigmund is moderately wounded.
The bat misses you.
Sigmund points at you and mumbles some strange words.
The magic dart hits you!
You closely miss Sigmund.
Sigmund is moderately wounded.
The bat hits you but does no damage. Sigmund hits you with a scythe!
* * * LOW HITPOINT WARNING * * *
Unknown command.
Unknown command.
Unknown command.
It was a potion of brilliance.
You feel clever all of a sudden. The bat misses you.
Unknown command.
You barely miss Sigmund.
Sigmund is moderately wounded.
You miss the bat. The bat hits you but does no damage.
Sigmund hits you with a scythe!
You die...

#...#.........#.....#
############.#...####
#.#..## #####....#
#.......##
####.#######
#.........#
#.##<##.### #@##.##.#
#@†b#....#
.....###### ........
#..####.## .... .#
.## .# .#


You could see Sigmund and a bat.

Vanquished Creatures
  An adder (D:2)
  A dart slug (D:1)
  A goblin (D:2)
  4 hobgoblins (D:1)
  4 jackals (D:1)
  A ball python (D:1)
  9 bats (D:1)
  3 frilled lizards (D:1)
  5 kobolds
  4 rats
33 creatures vanquished.

Notes
Turn   | Place    | Note
-------+----------+-------------------------------------------
     0 | D:1      | protoss039 the Minotaur Monk began the quest for the Orb.
     0 | D:1      | Reached XP level 1. HP: 19/19 MP: 0/0
   218 | D:1      | Reached XP level 2. HP: 27/27 MP: 1/1
   491 | D:1      | Reached XP level 3. HP: 34/34 MP: 2/2
   796 | D:2      | Noticed Sigmund
   810 | D:2      | Mangled by Sigmund

Vault maps used:
D:1:      minmay_arrival_jagged, minmay_misc_feat_four_crosses,
          serial_bayou_pond_d, minmay_tromino_v4_a
D:2:      nicolae_overflow_crystal_walls, supply_closet_lemuel, uniq_terence,
          uniq_sigmund

Skill      XL: |  1 |
---------------+----+-----
Fighting       | 4 |  4.6
Axes           | 4 |  4.6
Dodging        | |  3.2
Stealth        | |  1.5

Action                   || total
-------------------------++-------
Melee: Hand axe          ||    65
       Headbutt          ||    10
  Use: Potion            ||     1
Armor: Scale mail        ||    42
       Robe              ||     1
Dodge: Dodged            ||    54

Table legend:
 A = Spawn XP
 B = Non-spawn XP
 C = Spawn XP percentage of total XP
 D = Spawn monster count
 E = Non-spawn monster count
 F = Spawn count percentage of total count
 G = Total turns spent on level
                    A         B        C        D         E        F      G
               +---------+---------+-------+---------+---------+-------+---------
         Total |       0 |      65 |   0.0 |       0 |      33 |   0.0 |   810
               +---------+---------+-------+---------+---------+-------+---------
           D:1 |       0 |      44 |   0.0 |       0 |      28 |   0.0 |   701
           D:2 |       0 |      21 |   0.0 |       0 |       5 |   0.0 |   109
               +---------+---------+-------+---------+---------+-------+---------
